 Dungeon Sprint DCSS version 0.23-a0-303-gfcac5de (webtiles) character file.

653324 emperorscorpion the Contemplative (level 23, -14/153 HPs)
             Began as a Vine Stalker Warper on Oct 6, 2018.
             Was a Priest of Cheibriados.
             Killed from afar by Lom Lobon (33 damage)
             ... with a great icy blast
             ... in the Dungeon (Sprint IX: "|||||||||||||||||||||||||||||") on Oct 8, 2018.
             The game lasted 01:12:00 (3864 turns).

emperorscorpion the Contemplative (VSWr)            Turns: 3864, Time: 01:12:01

Health: -14/153    AC: 30    Str: 33    XL:     23   Next: 14%
Magic:  0/55       EV: 44    Int: 25    God:    Cheibriados [***...]
Gold:   339        SH: 41    Dex: 28    Spells: 65/76 levels left

rFire    + + .     SeeInvis +   b - +3 trishula (holy)
rCold    + + .     Gourm    .   S - +8 large shield {rC+ rF+}
rNeg     + . .     Faith    .   V - +8 scale mail "Okhosiuh" {rC++ rN+ MR+ Dex-5}
rPois    +         Spirit   +   U - +0 mask of the Dragon {MR+ Slay+3 SInv}
rElec    .         Reflect  +   A - +2 cloak
rCorr    .         Harm     .   T - +2 pair of gloves
MR       ++++.     NoTele   +   u - +0 pair of boots
Stlth    +++++++++.             k - amulet "Beozaynu" {Reflect *Slow rPois SH+3 SInv}
HPRegen  1.15/turn              v - ring of Levity {EV+3 Str+4 Int+2}
MPRegen  0.34/turn              M - ring of fire

@: mighty, agile, very slow
A: fangs 3, regeneration 2, magic shield, antimagic bite, no potion heal 3, rot
immunity
}: 12/17 runes: decaying, serpentine, barnacled, slimy, elven, silver, golden,
iron, obsidian, icy, abyssal, gossamer
a: Bend Time, Temporal Distortion, Renounce Religion


You were in the Dungeon.
You worshipped Cheibriados.
Cheibriados was most pleased with you.
You were not hungry.

You visited 1 branch You collected 1919 gold pieces.
You spent 1580 gold pieces at shops.

Inventory:

Hand Weapons
 a - a +9 demon trident of electrocution
 b - a +3 trishula of holy wrath (weapon)
 e - a +2 broad axe of flaming
 s - a +2 bardiche
 x - the +4 staff of Dispater
   (You took it off Dispater in the Dungeon)
Missiles
 t - 14 javelins of penetration (quivered)
Armour
 u - a +0 pair of boots (worn)
 A - a +2 cloak (worn)
 D - +0 gold dragon scales
 Q - +1 fire dragon scales
 S - a +8 large shield of resistance (worn)
 T - a +2 pair of gloves (worn)
 U - the +0 mask of the Dragon (worn) {MR+ Slay+3 SInv}
   (You found it in the Dungeon)

   It affects your accuracy and damage with ranged weapons and melee attacks
   (+3).
   It affects your resistance to hostile enchantments.
   It lets you see invisible.
 V - the +8 scale mail "Okhosiuh" (worn) {rC++ rN+ MR+ Dex-5}
   (You found it in the Dungeon)

   It affects your dexterity (-5).
   It greatly protects you from cold.
   It protects you from negative energy.
   It affects your resistance to hostile enchantments.
 X - a +0 troll leather armour
 Z - a +0 plate armour of fire resistance
Magical Staves
 q - an uncursed staff of energy
Jewellery
 k - the amulet "Beozaynu" (around neck) {Reflect *Slow rPois SH+3 SInv}
   (You found it in the Dungeon)

   [amulet of reflection]

   It shields you and reflects attacks.
   It protects you from poison.
   It lets you see invisible.
   It may slow you when you take damage.
   It affects your SH (+3).
 l - a +6 ring of dexterity
 v - the ring of Levity (left hand) {EV+3 Str+4 Int+2}
   (You found it in the Dungeon)

   [ring of evasion]

   It affects your evasion (+3).
   It affects your strength (+4).
   It affects your intelligence (+2).
 w - the ring of Waprash {rC+ MR++}
   (You found it in the Dungeon)

   [ring of protection from cold]

   It protects you from cold.
   It affects your resistance to hostile enchantments.
 y - an uncursed ring of magical power
 L - an uncursed ring of poison resistance
 M - a ring of fire (right hand)
 N - an uncursed ring of protection from cold
 O - an uncursed ring of stealth
Wands
 p - a wand of iceblast (8)
Scrolls
 d - 2 scrolls of blinking
 n - 10 scrolls of remove curse
 o - 2 scrolls of amnesia
 B - 3 scrolls of identify
 C - a scroll of immolation
 E - 3 scrolls of fear
 W - 2 scrolls of fog
Potions
 c - 2 potions of brilliance
 g - 10 potions of curing
 h - 19 potions of heal wounds
 i - 9 potions of haste
 j - a potion of magic
 m - 2 potions of invisibility
 z - 2 potions of flight {unknown}
 F - a potion of resistance
 G - 3 potions of might
 H - 2 potions of lignification
 I - 2 potions of agility
 J - 2 potions of mutation
 K - a potion of ambrosia
Miscellaneous
 R - a crystal ball of energy
Comestibles
 f - 11 rations


   Skills:
 O Level 27 Fighting
 - Level 18.5 Polearms
 O Level 27 Throwing
 * Level 22.1 Armour
 O Level 27 Dodging
 O Level 27 Stealth
 O Level 27 Shields
 O Level 27 Spellcasting
 - Level 3.1 Charms
 - Level 8.6 Translocations
 O Level 27 Invocations
 * Level 13.0 Evocations


You had 65 spell levels left.
You knew the following spells:

 Your Spells              Type           Power        Failure   Level  Hunger
a - Shroud of Golubria    Chrm/Tloc      ######....   1%          2    None
b - Blink                 Tloc           N/A          1%          2    None
c - Passage of Golubria   Tloc           N/A          1%          4    None
d - Mephitic Cloud        Conj/Pois/Air  ####....     3%          3    None

Your spell library contained the following spells:

 Spells                   Type           Power        Failure   Level  Hunger
 Magic Dart               Conj           ####         1%          1    None
 Summon Butterflies       Summ           ####....     1%          1    None
 Call Imp                 Summ           ####....     1%          2    None
 Slow                     Hex            ####....     1%          2    None
 Gell's Gravitas          Tloc           ######....   1%          3    None
 Lesser Beckoning         Tloc           ######....   1%          3    None
 Teleport Other           Tloc           ######..     1%          3    None
 Call Canine Familiar     Summ           ####....     3%          3    None
 Conjure Flame            Conj/Fire      ######..     3%          3    None
 Summon Ice Beast         Ice/Summ       ####....     12%         4    None
 Summon Mana Viper        Hex/Summ       ####....     32%         5    None
 Summon Hydra             Summ           ####......   100%        7    ##.....


Dungeon Overview and Level Annotations

Branches:
Dungeon (1/1)

Altars:
Cheibriados
Dithmenos
Elyvilon
Fedhas
Gozag
Hepliaklqana
Kikubaaqudgha
Makhleb
Nemelex Xobeh
Okawaru
Qazlal
Ru
Sif Muna
Trog
Uskayaw
Vehumet
Wu Jian
Xom
Yredelemnul
Zin
The Shining One
Beogh
Jiyva
Lugonu

Shops:
D *:!

Annotations:
D Lom Lobon, Mnoleg


Innate Abilities, Weirdness & Mutations

You have razor-sharp teeth.
You heal very quickly.
When hurt, damage is shared between your health and your magic reserves.
Your bite disrupts and absorbs the magic of your enemies.
Potions cannot restore your health.
You are immune to rotting.


Message History

You are engulfed in freezing vapours.
You resist.
* * * LOW HITPOINT WARNING * * *
Your elder stingshock beast hits the large abomination!!
The large abomination is destroyed!
Lom Lobon screams, "I will devour thy brain!"
Lom Lobon falters for a moment.
Unknown command.
Really harm your elder stingshock beast?
You can feel time thicken for a moment.
You feel somewhat more hungry.
You can no longer inflict damage on those overly hasty.
Cheibriados lowers the support of your attributes as your movement quickens.
You are engulfed in freezing vapours.
You resist.
* * * LOW HITPOINT WARNING * * *
Your elder stingshock beast appears confused.
The eye of draining gazes at you.
You feel your power leaking away. Lom Lobon gestures at you.
Lom Lobon conjures a mighty blast of ice!
The great icy blast engulfs you! You partially resist.
You die...

)')))..)))))....'................
♣▓▓▓▓▓▓▓▓▓▓▓▓▓▓▓▓▓▓▓▓▓▓▓▓▓▓▓▓▓▓▓▓
....................§............
▓▓▓▓▓▓▓▓▓▓▓▓▓▓▓▓▓▓▓▓▓▓▓▓▓▓▓▓▓▓▓▓▓
...'.........'.........'.........
▓▓▓▓▓▓▓▓▓▓▓▓▓▓▓▓▓▓▓▓▓▓▓▓▓▓▓▓▓▓▓▓▓
.................................
▓▓▓▓▓▓▓▓▓▓▓▓▓▓▓▓▓▓▓▓▓▓▓▓▓▓▓▓▓▓▓▓▓
.^...........§§§@&H)G..&§X..*&&XX
▓▓▓▓▓▓▓▓▓▓▓▓▓▓▓▓▓▓▓▓▓▓▓▓▓▓▓▓▓▓▓▓▓


You could see Lom Lobon, Mnoleg, an eye of draining and a friendly elder
stingshock beast (confused).

Vanquished Creatures
  Antaeus (D)
  Asmodeus (D)
  the Royal Jelly (D)
  Gloorx Vloq (D)
  4 orbs of fire (D)
  Dispater (D)
  8 ancient liches (D)
  Mennas (D)
  6 greater mummies (D)
  A Killer Klown (D)
  Saint Roka (D)
  Geryon (D)
  2 golden dragons (D)
  A bone dragon (D)
  5 tentacled monstrosities (D)
  5 electric golems (D)
  4 liches (D)
  27 Orb Guardians (D)
  3 quicksilver dragons (D)
  5 deep elf blademasters (D)
  2 death cobs (D)
  7 acid blobs (D)
  A tentacled starspawn (D)
  12 sphinxes (D)
  10 shadow dragons (D)
  A storm dragon (D)
  Kirke (D)
  10 azure jellies (D)
  5 nagarajas (D)
  A draconian monk (D)
  Ilsuiw (D)
  A fire giant (D)
  3 deep elf sorcerers (D)
  Aizul (D)
  3 draconian knights (D)
  3 vault wardens (D)
  A draconian shifter (D)
  3 frost giants (D)
  2 ghost moths (D)
  2 draconian stormcallers (D)
  6 emperor scorpions (D)
  6 draconian annihilators (D)
  4 ironheart preservers (D)
  A very ugly thing (D)
  4 stone giants (D)
  8 vampire knights (D)
  3 green draconians (D)
  3 deep elf demonologists (D)
  3 yellow draconians (D)
  A white draconian (D)
  2 deep elf annihilators (D)
  2 red draconians (D)
  Azrael (D)
  4 purple draconians (D)
  4 merfolk javelineers (D)
  A deep elf death mage (D)
  2 yaktaur captains (D)
  4 ettins (D)
  2 merfolk impalers (D)
  9 death oozes (D)
  2 mummy priests (D)
  A great orb of eyes (D)
  4 ogre magi (D)
  4 fire dragons (D)
  Josephine (D)
  Erolcha (D)
  5 ice dragons (D)
  A rakshasa (D)
  6 hydras (D)
  A ghost crab (D)
  4 naga warriors (D)
  25 vault guards (D)
  A merfolk avatar (D)
  A shambling mangrove (D)
  5 merfolk aquamancers (D)
  A centaur warrior (D)
  3 deep troll earth magi (D)
  2 naga sharpshooters (D)
  A spriggan berserker (D)
  A deep troll shaman (D)
  2 shock serpents (D)
  A thrashing horror (D)
  A deep elf knight (D)
  A wretched star (D)
  A hell knight (D)
  A spriggan druid (D)
  A glowing orange brain (D)
  A sea snake (D)
  5 ironbrand convokers (D)
  A flayed ghost (D)
  6 swamp dragons (D)
  A wizard (D)
  A glowing orange brain (shapeshifter) (D)
  A deep elf mage (D)
  8 orc sorcerers (D)
  3 wolf spiders (D)
  4 orc knights (D)
  2 necromancers (D)
  An orb spider (D)
  An ugly thing (D)
  A cyclops (D)
  2 manticores (D)
  7 moths of wrath (D)
  A merfolk siren (D)
  An elephant (D)
  5 vault sentinels (D)
  3 naga magi (D)
  2 guardian serpents (D)
  3 black mambas (D)
  A smoke demon (D)
  3 yaktaurs (D)
  2 komodo dragons (D)
  A freezing wraith (D)
  3 spiny frogs (D)
  3 demonic crawlers (D)
  20 guardian mummies (D)
  A tengu conjurer (D)
  2 ancient zymes (D)
  4 hornets (D)
  A polar bear (D)
  A tyrant leech (D)
  A wandering mushroom (D)
  5 jumping spiders (D)
  A wind drake (D)
  A hornet (shapeshifter) (D)
  A blink frog (D)
  A raiju (D)
  3 slime creatures (D)
  2 hippogriffs (D)
  2 snapping turtles (D)
  2 redbacks (D)
  4 wraiths (D)
  11 spriggans (D)
  A shadow (D)
  A vampire (D)
  A yak (D)
  A water elemental (D)
  A basilisk (D)
  A chaos spawn (D)
  3 fire elementals (D)
  A hog (D)
  Eustachio (D)
  A golden eye (D)
  A basilisk (shapeshifter) (D)
  A hungry ghost (D)
  A naga (D)
  5 wargs (D)
  2 acid dragons (D)
  A water moccasin (D)
  2 porcupines (D)
  6 hell hounds (D)
  11 orc warriors (D)
  2 swamp drakes (D)
  2 ice beasts (D)
  2 wolves (D)
  2 centaurs (D)
  A crocodile (D)
  A bullfrog (D)
  A small abomination (D)
  A scorpion (D)
  A howler monkey (D)
  3 crimson imps (D)
  A jelly (D)
  8 orc wizards (D)
  7 orc priests (D)
  An iguana (D)
  An adder (D)
  A shadow imp (D)
  An adder skeleton (D)
  3 ball lightnings (D)
  6 orcs (D)
  A jackal (D)
  4 kobolds (D)
  A bat (D)
  A jackal zombie (D)
  2 crawling corpses (D)
529 creatures vanquished.

Vanquished Creatures (others)
  A frost giant (D)
  A spiny frog (D)
  2 humans (D)
  2 insubstantial wisps (D)
  5 ball lightnings (D)
11 creatures vanquished.

Grand Total: 540 creatures vanquished

Notes
Turn   | Place    | Note
-------+----------+-------------------------------------------
     0 | D        | emperorscorpion the Vine Stalker Warper began the quest for
                  | the Orb.
     0 | D        | Reached XP level 1. HP: 11/11 MP: 4/4
    22 | D        | Noticed a jelly
    22 | D        | Noticed a centaur
    22 | D        | Noticed a howler monkey
    22 | D        | Noticed a scorpion
    24 | D        | Killed a jelly
    24 | D        | Reached skill level 1 in Throwing
    24 | D        | Reached skill level 1 in Armour
    24 | D        | Reached XP level 2. HP: 14/16 MP: 3/7
    24 | D        | Reached XP level 3. HP: 18/20 MP: 3/9
    28 | D        | Killed a centaur
    28 | D        | Reached skill level 5 in Spellcasting
    28 | D        | Gained mutation: Your natural rate of healing is unusually
                  | fast. [Vine Stalker growth]
    28 | D        | Reached XP level 4. HP: 6/25 MP: 1/12
    36 | D        | Reached skill level 5 in Polearms
    36 | D        | Reached XP level 5. HP: 11/30 MP: 1/14
    38 | D        | Reached skill level 5 in Fighting
    48 | D        | Found a roughly hewn altar of Beogh.
    48 | D        | Found a snail-covered altar of Cheibriados.
    48 | D        | Found a shadowy altar of Dithmenos.
    48 | D        | Found a white marble altar of Elyvilon.
    48 | D        | Found a blossoming altar of Fedhas.
    48 | D        | Found an opulent altar of Gozag.
    49 | D        | Found a hazy altar of Hepliaklqana.
    50 | D        | Found a viscous altar of Jiyva.
    51 | D        | Found an ancient bone altar of Kikubaaqudgha.
    52 | D        | Became a worshipper of Cheibriados the Contemplative
    53 | D        | Found a corrupted altar of Lugonu.
    54 | D        | Found a burning altar of Makhleb.
    55 | D        | Found a sparkling altar of Nemelex Xobeh.
    56 | D        | Found an iron altar of Okawaru.
    57 | D        | Found a stormy altar of Qazlal.
    58 | D        | Found a sacrificial altar of Ru.
    59 | D        | Found a deep blue altar of Sif Muna.
    60 | D        | Found a bloodstained altar of Trog.
    61 | D        | Found a hide-covered altar of Uskayaw.
    62 | D        | Found a radiant altar of Vehumet.
    63 | D        | Found an ornate altar of the Wu Jian Council.
    64 | D        | Found a shimmering altar of Xom.
    65 | D        | Found a basalt altar of Yredelemnul.
    66 | D        | Found a glowing silver altar of Zin.
    67 | D        | Found a glowing golden altar of the Shining One.
   119 | D        | Noticed an ice beast
   119 | D        | Noticed a hippogriff
   125 | D        | Killed an ice beast
   125 | D        | Reached XP level 6. HP: 35/35 MP: 16/16
   127 | D        | Reached * piety under Cheibriados
   127 | D        | Reached skill level 5 in Dodging
   136 | D        | Killed a hippogriff
   136 | D        | Reached XP level 7. HP: 34/41 MP: 17/17
   139 | D        | Reached ** piety under Cheibriados
   151 | D        | Noticed a yak
   151 | D        | Noticed a wraith
   151 | D        | Noticed a vampire
   151 | D        | Noticed a basilisk
   151 | D        | a yak changed into a basilisk
   156 | D        | Killed a basilisk
   156 | D        | Reached *** piety under Cheibriados
   156 | D        | Reached skill level 5 in Invocations
   165 | D        | Killed a wraith
   169 | D        | Gained mutation: You have razor-sharp teeth. [Vine Stalker
                  | growth]
   169 | D        | Reached XP level 8. HP: 44/45 MP: 15/18
   187 | D        | Killed a vampire
   195 | D        | Reached **** piety under Cheibriados
   213 | D        | Learned a level 2 spell: Shroud of Golubria
   222 | D        | Learned a level 2 spell: Blink
   329 | D        | Noticed a komodo dragon
   329 | D        | Noticed a yak
   329 | D        | Noticed a komodo dragon
   329 | D        | Noticed a spiny frog
   334 | D        | Killed a komodo dragon
   334 | D        | Reached skill level 10 in Polearms
   334 | D        | Noticed a hippogriff
   336 | D        | Reached ***** piety under Cheibriados
   343 | D        | Killed a yak
   343 | D        | Reached XP level 9. HP: 31/50 MP: 20/20
   347 | D        | Killed a komodo dragon
   351 | D        | Killed a spiny frog
   351 | D        | Reached skill level 1 in Charms
   351 | D        | Reached skill level 5 in Translocations
   357 | D        | Reached skill level 5 in Armour
   363 | D        | Learned a level 4 spell: Passage of Golubria
   364 | D        | Noticed an elephant
   369 | D        | Killed an elephant
   377 | D        | Noticed a polar bear
   377 | D        | Noticed a six-headed hydra
   377 | D        | Noticed a spiny frog
   377 | D        | Noticed a spiny frog
   385 | D        | Killed a six-headed hydra
   385 | D        | Reached ****** piety under Cheibriados
   385 | D        | Reached XP level 10. HP: 25/56 MP: 21/23
   396 | D        | Killed a spiny frog
   399 | D        | Killed a spiny frog
   507 | D        | Noticed Josephine
   512 | D        | Killed Josephine
   512 | D        | Reached skill level 10 in Invocations
   512 | D        | Reached XP level 11. HP: 62/62 MP: 25/25
   541 | D        | Noticed Eustachio
   546 | D        | Killed Eustachio
   575 | D        | Noticed a stone giant
   584 | D        | Noticed an orc knight
   587 | D        | Killed a stone giant
   602 | D        | Killed an orc knight
   633 | D        | Noticed an orc knight
   640 | D        | Noticed an orc sorcerer
   665 | D        | Killed an orc knight
   665 | D        | Reached skill level 10 in Fighting
   669 | D        | Killed an orc sorcerer
   682 | D        | Noticed an orc knight
   694 | D        | Killed an orc knight
   705 | D        | Found Gale's Magic Scroll Emporium.
   706 | D        | Noticed an orc sorcerer
   709 | D        | Noticed an orc sorcerer
   710 | D        | Killed an orc sorcerer
   710 | D        | Reached skill level 15 in Polearms
   715 | D        | Found Lool's General Store.
   719 | D        | Found Pacushra's Book Emporium.
   720 | D        | Noticed an orc sorcerer
   723 | D        | Found Lotzooj's Distillery.
   723 | D        | Noticed an orc sorcerer
   724 | D        | Killed an orc sorcerer
   725 | D        | Killed an orc sorcerer
   726 | D        | Noticed an orc sorcerer
   730 | D        | Killed an orc sorcerer
   732 | D        | Noticed an orc sorcerer
   734 | D        | Killed an orc sorcerer
   734 | D        | Gained mutation: You heal very quickly. [Vine Stalker
                  | growth]
   734 | D        | Reached XP level 12. HP: 61/69 MP: 6/26
   750 | D        | Bought a wand of iceblast (8) for 120 gold pieces
   753 | D        | Bought a scroll of blinking for 90 gold pieces
   753 | D        | Bought a scroll of enchant weapon for 90 gold pieces
   753 | D        | Bought a scroll of identify for 24 gold pieces
   753 | D        | Bought a scroll of remove curse for 36 gold pieces
   753 | D        | Bought a scroll of fear for 42 gold pieces
   753 | D        | Bought a scroll of identify for 24 gold pieces
   753 | D        | Bought a scroll of enchant armour for 90 gold pieces
   755 | D        | Bought 32 arrows for 64 gold pieces
   757 | D        | Bought a book of Minor Magic for 280 gold pieces
   761 | D        | Learned a level 3 spell: Mephitic Cloud
   763 | D        | Bought a potion of resistance for 120 gold pieces
   763 | D        | Bought a potion of curing for 36 gold pieces
   763 | D        | Bought 2 potions of might for 96 gold pieces
   763 | D        | Bought a potion of might for 48 gold pieces
   763 | D        | Bought a potion of lignification for 36 gold pieces
   763 | D        | Bought a potion of agility for 48 gold pieces
   763 | D        | Bought a potion of might for 48 gold pieces
   763 | D        | Bought a potion of mutation for 96 gold pieces
   763 | D        | Bought a potion of ambrosia for 96 gold pieces
   763 | D        | Bought a potion of invisibility for 96 gold pieces
   848 | D        | Found the +0 mask of the Dragon {MR+ Slay+3 SInv}
   867 | D        | Got the +8 scale mail "Okhosiuh" {rC++ rN+ MR+ Dex-5}
   897 | D        | Noticed a centaur warrior
   905 | D        | Noticed a stone giant
   907 | D        | Killed a centaur warrior
   916 | D        | Noticed a vampire knight
   917 | D        | Killed a stone giant
   922 | D        | Noticed a cyan very ugly thing
   930 | D        | Killed a vampire knight
   935 | D        | Noticed an ettin
   943 | D        | Killed a cyan very ugly thing
   953 | D        | Killed an ettin
   981 | D        | Noticed Kirke
   986 | D        | Noticed a sphinx
   997 | D        | Killed Kirke
   997 | D        | Reached skill level 15 in Invocations
  1021 | D        | Noticed Aizul
  1035 | D        | Killed Aizul
  1056 | D        | Noticed an emperor scorpion
  1057 | D        | Reached XP level 13. HP: 75/75 MP: 17/27
  1079 | D        | Killed an emperor scorpion
  1097 | D        | Noticed a nagaraja
  1113 | D        | HP: 3/77 [nagaraja/orb of energy (8)]
  1118 | D        | HP: 1/77 [nagaraja (2)]
  1121 | D        | Killed a nagaraja
  1141 | D        | Upgraded the game from 0.23-a0-299-g9a66eeb to
                  | 0.23-a0-301-g9da9e51
  1237 | D        | Reached skill level 1 in Shields
  1321 | D        | Noticed Erolcha
  1329 | D        | Killed Erolcha
  1349 | D        | Noticed an ice dragon
  1349 | D        | Noticed a stone giant
  1349 | D        | Noticed a yaktaur captain
  1349 | D        | Noticed a great orb of eyes
  1355 | D        | Noticed a stone giant
  1360 | D        | Killed an ice dragon
  1365 | D        | Killed a stone giant
  1365 | D        | Reached XP level 14. HP: 82/84 MP: 28/28
  1371 | D        | Noticed a lich
  1379 | D        | Killed a stone giant
  1379 | D        | Reached skill level 10 in Armour
  1379 | D        | Reached skill level 5 in Shields
  1388 | D        | Killed a lich
  1392 | D        | Noticed a lich
  1393 | D        | Noticed a frost giant
  1395 | D        | Noticed a frost giant
  1398 | D        | Killed a lich
  1401 | D        | Killed a frost giant
  1406 | D        | Killed a frost giant
  1452 | D        | Noticed a vault warden
  1452 | D        | Noticed an ironheart preserver
  1470 | D        | Noticed an ironheart preserver
  1473 | D        | Killed a vault warden
  1480 | D        | Killed an ironheart preserver
  1495 | D        | Reached skill level 15 in Fighting
  1501 | D        | Noticed an Orb Guardian
  1504 | D        | Noticed a deep elf demonologist
  1504 | D        | Killed an ironheart preserver
  1507 | D        | Killed an Orb Guardian
  1507 | D        | Reached skill level 10 in Shields
  1507 | D        | Killed a deep elf demonologist
  1512 | D        | Reached XP level 15. HP: 55/90 MP: 15/30
  1518 | D        | Noticed an ancient lich
  1522 | D        | Killed an ancient lich
  1671 | D        | Upgraded the game from 0.23-a0-301-g9da9e51 to
                  | 0.23-a0-303-gfcac5de
  1784 | D        | Noticed Saint Roka
  1851 | D        | Killed Saint Roka
  1924 | D        | Noticed Ilsuiw
  1957 | D        | Reached skill level 10 in Dodging
  1970 | D        | Killed Ilsuiw
  1989 | D        | Got a barnacled rune of Zot
  2021 | D        | Reached XP level 16. HP: 95/97 MP: 33/33
  2027 | D        | Reached skill level 15 in Shields
  2053 | D        | Got a decaying rune of Zot
  2134 | D        | Got a gossamer rune of Zot
  2142 | D        | Noticed a nagaraja
  2142 | D        | Noticed a nagaraja
  2142 | D        | Noticed a nagaraja
  2144 | D        | Noticed a nagaraja
  2150 | D        | Killed a nagaraja
  2161 | D        | Killed a nagaraja
  2165 | D        | Killed a nagaraja
  2170 | D        | Killed a nagaraja
  2195 | D        | Got a serpentine rune of Zot
  2270 | D        | Noticed Azrael
  2271 | D        | Noticed Mennas
  2277 | D        | Killed Azrael
  2285 | D        | Killed Mennas
  2345 | D        | Reached XP level 17. HP: 104/104 MP: 35/35
  2349 | D        | Reached skill level 1 in Stealth
  2418 | D        | Noticed a golden dragon
  2429 | D        | Killed a golden dragon
  2449 | D        | Reached skill level 27 in Invocations
  2491 | D        | Noticed a lich
  2492 | D        | Noticed a tentacled monstrosity
  2494 | D        | Noticed a golden dragon
  2498 | D        | Killed a lich
  2503 | D        | Killed a golden dragon
  2507 | D        | Killed a tentacled monstrosity
  2521 | D        | Got a silver rune of Zot
  2596 | D        | Got the amulet "Beozaynu" {Reflect *Slow rPois SH+3 SInv}
  2599 | D        | Got the ring of Levity {EV+3 Str+4 Int+2}
  2603 | D        | Got the ring of Waprash {rC+ MR++}
  2715 | D        | Noticed a lich
  2730 | D        | Killed a lich
  2737 | D        | Reached XP level 18. HP: 105/113 MP: 36/36
  2757 | D        | Noticed a bone dragon
  2778 | D        | Killed a bone dragon
  2799 | D        | Reached skill level 5 in Stealth
  2809 | D        | Noticed a quicksilver dragon
  2813 | D        | Killed a quicksilver dragon
  2818 | D        | Reached skill level 27 in Shields
  2833 | D        | Noticed a quicksilver dragon
  2836 | D        | Killed a quicksilver dragon
  2851 | D        | Noticed a tentacled monstrosity
  2851 | D        | Noticed a quicksilver dragon
  2861 | D        | Killed a quicksilver dragon
  2862 | D        | Noticed a tentacled monstrosity
  2864 | D        | Killed a tentacled monstrosity
  2870 | D        | Killed a tentacled monstrosity
  2870 | D        | Reached skill level 15 in Dodging
  2890 | D        | Reached skill level 5 in Throwing
  2896 | D        | Reached skill level 10 in Stealth
  2971 | D        | Noticed an Orb Guardian
  2971 | D        | Noticed an Orb Guardian
  2971 | D        | Noticed an Orb Guardian
  2971 | D        | Noticed an Orb Guardian
  2971 | D        | Noticed an Orb Guardian
  2971 | D        | Noticed an Orb Guardian
  2977 | D        | Killed an Orb Guardian
  2981 | D        | Killed an Orb Guardian
  2981 | D        | Reached XP level 19. HP: 126/126 MP: 37/37
  2998 | D        | Reached skill level 10 in Throwing
  3014 | D        | Noticed a tentacled monstrosity
  3019 | D        | Killed a tentacled monstrosity
  3026 | D        | Reached skill level 15 in Armour
  3030 | D        | Reached skill level 15 in Stealth
  3039 | D        | Noticed an ancient lich
  3043 | D        | Killed an ancient lich
  3046 | D        | Noticed an orb of fire
  3060 | D        | Killed an orb of fire
  3063 | D        | Noticed an electric golem
  3068 | D        | Noticed a tentacled monstrosity
  3068 | D        | Noticed an electric golem
  3068 | D        | Noticed a Killer Klown
  3068 | D        | Noticed an orb of fire
  3068 | D        | Noticed an orb of fire
  3070 | D        | Noticed an orb of fire
  3073 | D        | Killed an electric golem
  3073 | D        | Killed an electric golem
  3074 | D        | Killed an orb of fire
  3074 | D        | Killed an orb of fire
  3074 | D        | Reached skill level 15 in Throwing
  3074 | D        | Reached XP level 20. HP: 128/137 MP: 22/38
  3074 | D        | Killed an orb of fire
  3074 | D        | Reached skill level 27 in Fighting
  3076 | D        | Noticed an electric golem
  3077 | D        | Killed a Killer Klown
  3080 | D        | Noticed an electric golem
  3082 | D        | Noticed an ancient lich
  3085 | D        | Killed an electric golem
  3088 | D        | Killed an ancient lich
  3088 | D        | Killed an electric golem
  3089 | D        | Noticed an electric golem
  3090 | D        | Noticed an ancient lich
  3097 | D        | Killed an ancient lich
  3099 | D        | Killed an electric golem
  3140 | D        | Reached skill level 27 in Stealth
  3197 | D        | Noticed an ancient lich
  3197 | D        | Noticed an ancient lich
  3198 | D        | Noticed an ancient lich
  3205 | D        | Killed an ancient lich
  3209 | D        | Noticed an ancient lich
  3211 | D        | Killed an ancient lich
  3211 | D        | Reached XP level 21. HP: 140/142 MP: 39/39
  3212 | D        | Killed an ancient lich
  3216 | D        | Reached skill level 10 in Spellcasting
  3223 | D        | Killed an ancient lich
  3269 | D        | Reached skill level 15 in Spellcasting
  3278 | D        | Got an elven rune of Zot
  3317 | D        | Noticed the Royal Jelly
  3329 | D        | Killed the Royal Jelly
  3341 | D        | Got a slimy rune of Zot
  3422 | D        | Reached XP level 22. HP: 139/148 MP: 47/47
  3503 | D        | Noticed a greater mummy
  3518 | D        | Killed a greater mummy
  3535 | D        | Noticed a greater mummy
  3535 | D        | Noticed a greater mummy
  3535 | D        | Noticed a greater mummy
  3535 | D        | Noticed a greater mummy
  3539 | D        | Noticed a greater mummy
  3541 | D        | Killed a greater mummy
  3541 | D        | Killed a greater mummy
  3543 | D        | Killed a greater mummy
  3545 | D        | Killed a greater mummy
  3545 | D        | Reached skill level 27 in Throwing
  3555 | D        | Killed a greater mummy
  3568 | D        | Got a golden rune of Zot
  3591 | D        | Reached skill level 1 in Evocations
  3596 | D        | Got an abyssal rune of Zot
  3675 | D        | Noticed Geryon
  3693 | D        | Killed Geryon
  3696 | D        | Noticed Asmodeus
  3696 | D        | Noticed Dispater
  3701 | D        | Noticed Antaeus
  3704 | D        | Noticed Gloorx Vloq
  3712 | D        | Killed Asmodeus
  3712 | D        | Reached skill level 27 in Spellcasting
  3712 | D        | Reached skill level 5 in Evocations
  3719 | D        | Killed Gloorx Vloq
  3762 | D        | Killed Antaeus
  3762 | D        | Reached skill level 27 in Dodging
  3762 | D        | Reached XP level 23. HP: 52/153 MP: 55/55
  3797 | D        | Killed Dispater
  3819 | D        | Got an obsidian rune of Zot
  3823 | D        | Got an iron rune of Zot
  3825 | D        | Noticed Lom Lobon
  3827 | D        | Got an icy rune of Zot
  3829 | D        | Noticed Mnoleg
  3864 | D        | Killed from afar by Lom Lobon

Vault maps used:
D:        linesprint

Skill      XL: |  1  2  3  4  5  6  7  8  9 10 11 12 13 14 15 16 17 18 19 20 21 22 23 |
---------------+----------------------------------------------------------------------+-----
Fighting       | 3 4 5 6 7 8 9 10 12 14 15 16 18 20 23 26 27 | 27.0
Polearms       | 3 4 5 6 7 9 10 11 13 15 17 18 | 18.5
Dodging        | 2 3 4 5 6 7 8 9 10 11 12 15 18 21 24 27 | 27.0
Throwing       | 1 2 3 8 15 21 24 27 | 27.0
Armour         | 1 2 3 4 5 6 7 8 9 10 11 12 14 15 18 19 21 22 | 22.1
Spellcasting   | 3 5 6 8 9 20 27 | 27.0
Invocations    | 2 4 5 7 8 10 12 15 17 21 24 26 27 | 27.0
Translocations | 4 6 8 |  8.6
Charms         | 2 3 |  3.1
Shields        | 4 10 14 20 25 27 | 27.0
Stealth        | 3 10 19 27 | 27.0
Evocations     | 11 13 | 13.0

Action                   |  1- 3 |  4- 6 |  7- 9 | 10-12 | 13-15 | 16-18 | 19-21 | 22-24 || total
-------------------------+-------+-------+-------+-------+-------+-------+-------+-------++-------
Melee: Spear             |    13 |    12 |     5 |       |       |       |       |       ||    30
       Bite              |     1 |    12 |    49 |   147 |   212 |   218 |    79 |    94 ||   812
       Halberd           |       |    17 |    95 |   261 |    72 |       |       |       ||   445
       Trident           |       |       |       |       |   288 |       |       |       ||   288
       Demon trident     |       |       |       |       |    22 |   417 |   173 |   153 ||   765
       Trishula          |       |       |       |       |       |       |       |    31 ||    31
Throw: Tomahawk          |       |       |       |     5 |       |       |       |       ||     5
       Javelin           |       |       |       |       |       |       |     9 |    14 ||    23
 Cast: Shroud of Golubri |       |       |     3 |     8 |     6 |       |       |       ||    17
       Blink             |       |       |     1 |    12 |    15 |    16 |     5 |     5 ||    54
       Passage of Golubr |       |       |     1 |    24 |    46 |    38 |    21 |    22 ||   152
Invok: Bend Time         |       |       |     2 |       |       |       |       |       ||     2
       Slouch            |       |       |       |     6 |    28 |    51 |    36 |    19 ||   140
       Step From Time    |       |       |       |       |     1 |       |       |       ||     1
Evoke: Wand              |       |       |     1 |       |     8 |       |       |     1 ||    10
       Box of beasts     |       |       |       |       |       |       |       |     4 ||     4
  Use: Potion            |     1 |       |       |       |     3 |     1 |       |     4 ||     9
       Scroll            |       |       |     2 |       |    14 |     9 |       |     1 ||    26
 Stab: Sleeping          |       |       |       |       |       |     3 |     7 |     5 ||    15
       Distracted        |       |       |       |       |       |       |     1 |       ||     1
  Eat: Chunk             |       |       |       |     1 |     7 |     8 |     5 |       ||    21
       Ration            |       |       |       |       |       |     1 |       |     1 ||     2
Armor: Leather armour    |     1 |       |       |       |       |       |       |       ||     1
       Chain mail        |       |    21 |    51 |    27 |       |       |       |       ||    99
       Scale mail        |       |       |       |    17 |    51 |    39 |    15 |    15 ||   137
Dodge: Dodged            |     5 |    13 |    55 |   109 |    85 |    84 |    60 |    18 ||   429
Block: Large shield      |       |       |       |       |   139 |   338 |   180 |   116 ||   773
       Reflection        |       |       |       |       |       |     6 |     2 |       ||     8

Table legend:
 A = Non-vault XP
 B = Vault XP
 C = Vault XP percentage of total XP
 D = Non-vault monster count
 E = Vault monster count
 F = Vault count percentage of total count
                 A         B        C        D         E       F
            +---------+---------+-------+---------+---------+-------
      Total |     764 |  725048 |  99.9 |       6 |     513 |  98.8
            +---------+---------+-------+---------+---------+-------
          D |     764 |  725048 |  99.9 |       6 |     513 |  98.8
            +---------+---------+-------+---------+---------+-------
